 Dungeon Crawl Stone Soup version 0.23-a0-14-g8c9a20f (webtiles) character file.

47 tyvek the Insei (level 3, -2/28 HPs)
             Began as a Draconian Transmuter on Aug 3, 2018.
             Succumbed to a gnoll's poison
             ... on level 2 of the Dungeon.
             The game lasted 00:01:58 (1355 turns).

tyvek the Insei (Draconian Transmuter)              Turns: 1355, Time: 00:01:59

Health: -2/28      AC:  5    Str: 12    XL:     3   Next: 48%
Magic:  4/6        EV: 12    Int: 13    God:
Gold:   41         SH:  0    Dex: 12    Spells: 3/6 levels left

rFire    . . .     SeeInvis .     - Unarmed
rCold    . . .     Gourm    .   (no shield)
rNeg     . . .     Faith    .   (armour unavailable)
rPois    .         Spirit   .   (helmet restricted)
rElec    .         Reflect  .   (no cloak)
rCorr    .         Harm     .   (no gloves)
MR       .....                  (no boots)
Stlth    +.........             (no amulet)
HPRegen  0.09/turn              (no ring)
MPRegen  0.10/turn              (no ring)

@: lethally poisoned (-2 -> -34), appendage
A: unfitting armour, horns 2, cold-blooded, AC +5
a: End Transformation


You were on level 2 of the Dungeon.
You were not hungry.
You had grown temporary horns.
You visited 1 branch of the dungeon, and saw 2 of its levels.

You collected 41 gold pieces.


Innate Abilities, Weirdness & Mutations

Your plain brown scales are hard. (AC +5)
You cannot fit into any form of body armour.
You are cold-blooded and may be slowed by cold attacks.
You have a pair of horns on your head.


   Skills:
 - Level 1.1 Fighting
 - Level 1.7 Dodging
 * Level 4.1 Unarmed Combat
 - Level 2.0 Spellcasting
 + Level 2.7 Transmutations


You had 3 spell levels left.
You knew the following spells:

 Your Spells              Type           Power        Failure   Level  Hunger
t - Sticks to Snakes      Tmut           #.......     12%         2    ###....
z - Beastly Appendage     Tmut           #.....       9%          1    ##.....

Your spell library contained the following spells:

 Spells                   Type           Power        Failure   Level  Hunger
 Spider Form              Tmut/Pois      #.........   41%         3    ####...
 Blade Hands              Tmut           #.........   92%         5    ######.
 Ice Form                 Ice/Tmut       #.......     82%         4    #####..

Inventory:

Missiles
 a - 12 arrows
Scrolls
 d - a scroll of enchant weapon {unknown}
 e - a scroll of immolation {unknown}
 f - a scroll of identify {unknown}
Comestibles
 c - 2 rations

Dungeon Overview and Level Annotations

Branches:
Dungeon (1/15)

Altars:
Zin

#.# #.# #.# #.# #.# #.# #.#
#.# #.# #.# #)# #.# ##.##
########.####### #....
#........$@)g..# #..##
#.############.#.######..##
#.# ### ...........
#.###.♣♣♣♣### #######.###
#.#.♣♣._.♣..## #.#
#............# #.#
#............# #.#
#............##### #.#
#................######.#


You could see a gnoll.


Message History

You closely miss the gnoll.
The gnoll is lightly wounded.
* * * LOW HITPOINT WARNING * * *
You feel sick.
The gnoll hits you with a spear of venom.
* * * LOW HITPOINT WARNING * * *
You are more poisoned.
It was a potion of curing.
You feel better.
A gnoll comes into view. It is wielding a spear.
The gnoll hits you with a spear of venom.
* * * LOW HITPOINT WARNING * * *
You are lethally poisoned!
Press: ? - help, v - describe, . - travel
Here: a gnoll, wielding a spear of venom (lightly wounded)
The floor.
The gnoll shouts!
You hit the gnoll.
The gnoll is moderately wounded.
* * * LOW HITPOINT WARNING * * *
You feel sick. The gnoll barely misses you.
You hit the gnoll. You tail-slap the gnoll.
The gnoll is severely wounded.
* * * LOW HITPOINT WARNING * * *
You feel sick.
The gnoll hits you with a spear of venom!
* * * LOW HITPOINT WARNING * * *
You are more poisoned.
You hit the gnoll.
You kill the gnoll!
You die...

Skill      XL: |  1  2 |
---------------+-------+-----
Unarmed Combat | 4 |  4.1
Fighting       | |  1.1
Dodging        | |  1.7
Spellcasting   | |  2.0
Transmutations | |  2.7

Action                   || total
-------------------------++-------
Melee: Unarmed           ||   107
       Headbutt          ||     6
       Tailslap          ||     6
       Punch             ||     2
       Kick              ||     1
 Cast: Beastly Appendage ||    16
  Use: Potion            ||     1
  Eat: Chunk             ||     2
Armor: Skin              ||    44
Dodge: Dodged            ||    93

Vault maps used:
D:1:      grunt_arrival_lava_bath
D:2:      zin_academy

Notes
Turn   | Place    | Note
-------+----------+-------------------------------------------
     0 | D:1      | tyvek the Draconian Transmuter began the quest for the Orb.
     0 | D:1      | Reached XP level 1. HP: 16/16 MP: 3/3
   115 | D:1      | Reached XP level 2. HP: 18/23 MP: 3/5
   490 | D:1      | Learned a level 2 spell: Sticks to Snakes
  1263 | D:1      | You fall through a shaft!
  1315 | D:2      | Found a glowing silver altar of Zin.
  1346 | D:2      | Reached skill level 4 in Unarmed Combat
  1346 | D:2      | Reached XP level 3. HP: 23/28 MP: 4/6
  1354 | D:2      | HP: 1/28 [gnoll/spear of venom (8)]
  1355 | D:2      | Succumbed to a gnoll's poison

Vanquished Creatures
  2 gnolls (D:2)
  A dart slug (D:1)
  A leopard gecko (D:1)
  A giant cockroach (D:1)
  A goblin (D:1)
  5 hobgoblins
  2 jackals (D:1)
  A kobold (D:1)
  7 bats (D:1)
  2 frilled lizards (D:1)
23 creatures vanquished.
